Map: Jagannatha LE

Players

A.I. 1 (Elite) - Winner!

  • Race: Terran Terran
  • Spawn Location: 1:00

TheCowboy

  • Race: Protoss Protoss
  • League: Master
  • Spawn Location: 7:00

VOD

https://www.youtube.com/watch?v=Rfgf-V8DvVo

Description

Time

  • Played on: Jan. 28, 2021, 3:18 p.m.
  • Length: 9:15
Show
View Real Time Build Order
Export as new Build Order

A.I. 1 (Elite) Terran - Winner!

Build Orders: 2 Factory 

Get SALT Encoding   

  12  0:00  SCV  
  13  0:13  SCV  
  14  0:18  Supply Depot  
  14  0:25  SCV  
  15  0:39  SCV  
  15  0:42  Barracks  
  16  0:52  SCV  
  17  1:04  SCV  
  18  1:16  SCV  
  19  1:19  Command Center  
  19  1:30  Marine  
  20  1:34  Orbital Command  
  20  1:40  Refinery  
  20  1:47  Marine  
  20  1:52  Supply Depot  
  21  1:59  SCV  
  22  2:03  Refinery  
  22  2:05  Marine  
  23  2:14  SCV  
  24  2:23  Marine  
  24  2:26  SCV  
  26  2:31  Orbital Command  
  26  2:38  SCV  
  26  2:41  Marine  
  27  2:44  Factory  
  27  2:50  SCV  
  28  2:56  Engineering Bay  
  28  2:57  SCV  
  29  3:16  Factory  
  29  3:17  Marine  
  29  3:19  SCV  
  31  3:22  SCV  
  31  3:25  Missile Turret  
  32  3:28  Missile Turret  
  32  3:31  SCV  
  33  3:34  SCV  
  33  3:35  Marine  
  33  3:37  Factory Tech Lab, Supply Depot  
  35  3:44  SCV  
  35  3:46  SCV  
  37  3:56  SCV  
  37  3:57  Siege Tank  
  37  3:58  SCV  
  37  4:00  Factory Tech Lab  
  42  4:08  SCV  
  43  4:10  Supply Depot, SCV  
  44  4:18  Siege Tank  
  44  4:20  SCV  
  44  4:23  SCV  
  49  4:26  Supply Depot, Marine  
  49  4:29  Siege Tank  
  52  4:32  SCV  
  52  4:35  SCV  
  52  4:37  Supply Depot  
  54  4:44  SCV  
  55  4:47  SCV  
  55  4:51  Supply Depot, Siege Tank  
  59  4:54  Marine  
  59  4:56  SCV  
  59  4:59  SCV  
  62  5:05  Refinery  
  62  5:07  Refinery  
  62  5:08  SCV  
  62  5:11  SCV, Barracks  
  62  5:13  Barracks Tech Lab  
  64  5:20  SCV  
  65  5:23  SCV  
  66  5:28  Missile Turret  
  66  5:31  Marauder  
  66  5:32  SCV  
  66  5:34  Stimpack  
  66  5:35  SCV  
  70  5:37  Missile Turret  
  70  5:41  Starport  
  69  5:47  SCV  
  69  5:48  SCV  
  71  5:53  Marauder  
  71  5:56  Command Center  
  73  5:58  Marine  
  73  5:59  SCV  
  73  6:02  Supply Depot  
  73  6:03  SCV  
  76  6:07  Terran Infantry Weapons Level 1  
  76  6:11  SCV  
  76  6:14  Marauder  
  76  6:15  SCV  
  76  6:17  Barracks Tech Lab  
  76  6:18  Starport Reactor, Engineering Bay  
  80  6:25  Barracks  
  80  6:27  Supply Depot  
  80  6:31  Siege Tank  
  83  6:35  Marauder x2  
  87  6:42  Missile Turret  
  87  6:43  Terran Infantry Armor Level 1  
  87  6:49  Siege Tank  
  87  6:52  Supply Depot  
  90  6:55  Medivac  
  90  6:56  Marine  
  90  6:57  Marauder  
  90  7:01  Armory  
  95  7:04  Widow Mine  
  97  7:09  SCV x3  
  97  7:11  Marine, Refinery  
  97  7:15  Marauder  
  103  7:18  Marine, Refinery  
  103  7:20  Combat Shield  
  103  7:21  SCV x2  
  103  7:22  SCV  
  107  7:27  Supply Depot  
  107  7:29  Marine  
  108  7:33  SCV x2  
  108  7:34  SCV  
  108  7:36  Marauder  
  113  7:40  Concussive Shells, Armory  
  113  7:43  Missile Turret  
  113  7:45  SCV  
  113  7:46  SCV, Orbital Command, Marauder, Missile Turret  
  113  7:48  Barracks Reactor  
  117  7:51  Supply Depot  
  117  7:57  SCV, Marauder  
  120  8:00  SCV  
  120  8:01  Barracks  
  121  8:08  Medivac  
  121  8:09  Marine, SCV  
  121  8:12  SCV  
  126  8:13  SCV  
  126  8:18  Supply Depot  
  126  8:19  Marauder  
  129  8:21  SCV  
  129  8:24  SCV  
  131  8:28  Marauder  
  131  8:29  Marine  
  131  8:31  Widow Mine  
  136  8:39  Marine, Widow Mine  
  136  8:40  Marauder  
  137  8:43  Supply Depot  
  137  8:47  Marine  
  137  8:48  Marine  
  127  8:49  Marauder  
  127  8:53  Widow Mine  
  98  8:56  Marine  
  98  8:58  Ghost Academy  
Show
View Real Time Build Order
Export as new Build Order

TheCowboy Protoss 

Build Orders: 1 Gate Expand, Oracle Opening 

Get SALT Encoding   

  12  0:00  Probe  
  13  0:12  Probe  
  14  0:17  Pylon  
  14  0:24  Probe  
  15  0:37  Probe (Chrono Boost)  
  15  0:38  Gateway  
  16  0:48  Assimilator, Probe (Chrono Boost)  
  17  0:53  Probe (Chrono Boost)  
  18  1:03  Probe  
  19  1:15  Probe  
  20  1:26  Nexus  
  20  1:35  Cybernetics Core  
  20  1:37  Probe  
  21  1:43  Assimilator  
  21  1:49  Probe  
  21  1:53  Pylon  
  22  2:01  Probe  
  23  2:09  Adept (Chrono Boost)  
  23  2:14  Probe  
  26  2:21  Stargate  
  26  2:26  Probe (Chrono Boost)  
  27  2:32  Adept  
  30  2:37  Probe (Chrono Boost)  
  30  2:41  Probe x2 (Chrono Boost)  
  30  2:42  Warp Gate  
  32  2:50  Probe  
  33  2:52  Probe  
  33  2:56  Void Ray (Chrono Boost)  
  34  3:02  Probe  
  34  3:04  Probe  
  40  3:08  Adept  
  40  3:11  Pylon  
  42  3:14  Probe  
  42  3:16  Probe  
  44  3:23  Gateway  
  44  3:26  Probe  
  45  3:28  Probe  
  46  3:34  Oracle  
  46  3:39  Probe  
  46  3:40  Probe  
  51  3:46  Pylon  
  51  3:51  Probe  
  51  3:53  Probe  
  53  4:03  Probe  
  53  4:04  Nexus  
  53  4:05  Pylon, Probe  
  53  4:09  Void Ray (Chrono Boost)  
  55  4:13  Assimilator  
  55  4:15  Assimilator, Probe  
  56  4:19  Probe  
  61  4:26  Pylon  
  61  4:27  Probe  
  63  4:31  Probe  
  63  4:39  Adept x2, Probe  
  63  4:43  Probe  
  63  4:45  Stargate  
  69  4:51  Probe  
  70  4:55  Probe (Chrono Boost)  
  71  5:01  Forge  
  71  5:02  Twilight Council, Shield Battery  
  71  5:03  Void Ray, Probe (Chrono Boost)  
  72  5:07  Probe (Chrono Boost)  
  78  5:14  Probe (Chrono Boost)  
  78  5:18  Probe (Chrono Boost)  
  78  5:19  Probe (Chrono Boost)  
  78  5:20  Pylon  
  81  5:23  Probe (Chrono Boost)  
  81  5:26  Void Ray, Probe (Chrono Boost)  
  81  5:27  Probe (Chrono Boost)  
  83  5:31  Probe (Chrono Boost)  
  83  5:32  Probe (Chrono Boost)  
  83  5:34  Protoss Ground Weapons Level 1 (Chrono Boost)  
  83  5:35  Probe  
  90  5:36  Gateway  
  90  5:37  Gateway, Charge (Chrono Boost)  
  90  5:42  Assimilator, Probe  
  91  5:43  Probe  
  91  5:44  Assimilator  
  91  5:47  Probe  
  89  5:54  Zealot, Probe  
  89  5:55  Zealot, Probe  
  95  5:59  Templar Archives, Probe  
  96  6:06  Pylon, Probe  
  96  6:07  Probe  
  99  6:11  Probe  
  99  6:13  Pylon  
  99  6:21  Psionic Storm  
  99  6:29  Nexus, Probe  
  99  6:31  Pylon  
  100  6:36  Photon Cannon  
  100  6:37  High Templar x3  
  100  6:39  Probe  
  107  6:41  Pylon  
  107  6:46  Photon Cannon  
  107  6:48  Shield Battery  
  107  6:49  Photon Cannon  
  107  6:50  Photon Cannon  
  107  6:51  High Templar, Photon Cannon  
  109  6:57  Shield Battery, Probe x3  
  109  6:59  Shield Battery  
  112  7:09  Probe x3  
  112  7:11  High Templar  
  117  7:18  Assimilator, High Templar  
  117  7:20  Pylon  
  117  7:21  Shield Battery, Probe x3  
  122  7:33  Probe x3  
  122  7:34  Fleet Beacon  
  122  7:35  Stargate  
  125  7:42  Assimilator  
  125  7:45  Photon Cannon, Probe  
  125  7:46  Photon Cannon  
  125  7:48  Zealot x3, Photon Cannon  
  125  7:49  Shield Battery, Void Ray x2 (Chrono Boost)  
  132  7:53  Pylon  
  140  8:03  Pylon  
  140  8:08  High Templar  
  140  8:10  Zealot x3  
  148  8:21  Photon Cannon  
  148  8:22  Shield Battery  
  148  8:25  Pylon  
  160  8:38  Zealot x3  
  158  8:51  Archon  
  158  8:52  Archon  
  158  8:53  Zealot  
  159  8:55  Probe  
  159  9:01  Photon Cannon  
  159  9:03  Photon Cannon  
  159  9:04  Photon Cannon  
  159  9:05  Zealot x3, Photon Cannon  
Tags
 
Add a new tag
Caveats
  • Supply blocks, unpowered buildings, or Contaminate may cause inaccurate times.
  • Supply counts are checked every 10 seconds.